Map: Triton LE

Players

MarsBar

  • Race: Zerg Zerg
  • League: Diamond
  • Spawn Location: 5:00

MarineRu - Winner!

  • Race: Terran Terran
  • League: Master
  • Spawn Location: 11:00

VOD

Have the link to the VOD?

Description

Struggling to deal with this kind of early attack on all fronts. Any tips would be helpful :)

Time

  • Played on: Nov. 19, 2019, 4:59 p.m.
  • Length: 13:35
Show
View Real Time Build Order
Export as new Build Order

MarsBar Zerg 

Build Orders: Hatch First 

Get SALT Encoding   

  12  0:01  Drone  
  13  0:12  Overlord  
  13  0:18  Drone  
  14  0:32  Drone x2  
  16  0:49  Hatchery  
  15  0:52  Drone  
  15  0:55  Drone  
  17  1:00  Drone  
  18  1:09  Extractor  
  17  1:14  Spawning Pool  
  17  1:17  Drone  
  17  1:25  Drone  
  18  1:36  Drone  
  19  1:50  Drone  
  21  2:00  Overlord  
  20  2:03  Queen x2  
  24  2:17  Zergling x2  
  24  2:18  Zergling x2  
  26  2:24  Metabolic Boost  
  26  2:36  Hatchery  
  25  2:43  Drone x4  
  25  2:44  Drone  
  30  2:49  Overlord  
  30  2:55  Queen  
  32  3:02  Drone x2  
  34  3:11  Queen  
  36  3:15  Drone x2  
  36  3:18  Overlord  
  38  3:20  Drone  
  38  3:21  Drone x2  
  38  3:25  Overlord  
  41  3:37  Queen  
  41  3:39  Drone  
  41  3:40  Drone x3  
  47  3:54  Zergling x4  
  49  4:00  Drone, Baneling Nest  
  49  4:02  Queen  
  49  4:05  Drone x5  
  56  4:25  Evolution Chamber, Drone  
  56  4:27  Drone x2  
  56  4:28  Overlord  
  56  4:29  Overlord  
  56  4:30  Overlord  
  58  4:31  Overlord  
  57  4:48  Zergling x20  
  57  4:49  Zergling x2  
  57  4:50  Spore Crawler  
  67  4:53  Spore Crawler  
  67  4:55  Spore Crawler  
  67  4:56  Zerg Ground Armor Level 1  
  67  4:58  Zergling x8  
  67  4:59  Zergling x2  
  70  5:08  Lair  
  70  5:09  Overlord  
  70  5:13  Drone  
  71  5:14  Drone x2  
  71  5:15  Drone x2  
  75  5:27  Drone x5  
  78  5:42  Drone x2  
  75  5:43  Drone x2  
  73  5:53  Drone x4  
  77  6:07  Extractor  
  74  6:17  Drone x3  
  74  6:21  Hydralisk Den  
  57  6:33  Queen  
  57  6:34  Queen x2  
  57  6:39  Spore Crawler  
  60  6:40  Drone  
  60  6:41  Drone x6  
  66  7:03  Drone x2  
  66  7:04  Drone x3  
  71  7:13  Queen  
  71  7:14  Queen x2  
  77  7:18  Grooved Spines  
  77  7:19  Hydralisk x2  
  77  7:22  Zergling x4  
  79  7:30  Extractor x2  
  79  7:31  Hatchery  
  79  7:37  Roach Warren, Zergling x4  
  72  7:38  Hydralisk  
  75  7:51  Baneling  
  75  7:52  Baneling x2  
  60  8:09  Hydralisk  
  58  8:17  Hydralisk  
  49  8:20  Zergling x16  
  58  8:27  Queen x2  
  61  8:36  Zergling x4  
  61  8:40  Muscular Augments, Hydralisk  
  62  8:54  Hydralisk x3  
  66  9:03  Drone x3  
  69  9:10  Drone x5  
  69  9:11  Drone  
  75  9:26  Drone x3  
  75  9:27  Drone x3  
  81  9:31  Centrifical Hooks  
  81  9:34  Zerg Melee Weapons Level 1  
  81  9:48  Zergling x8  
  81  9:49  Zergling x8  
  88  10:01  Baneling x8  
  88  10:02  Zergling x2  
  88  10:05  Overlord x5  
  89  10:16  Queen  
  89  10:25  Zergling x2  
  89  10:26  Zergling x14  
  87  10:28  Hatchery  
  87  10:31  Queen x2  
  90  10:41  Hydralisk x4  
  90  10:42  Hydralisk x2  
  102  10:46  Baneling x12  
  102  10:47  Baneling x3  
  99  11:14  Zergling x22  
  110  11:22  Evolution Chamber  
  102  11:33  Zergling x2  
  102  11:34  Zergling x10  
  101  11:42  Baneling x10  
  101  11:43  Zergling x12  
  101  11:46  Queen  
  109  11:49  Hatchery, Zergling x2  
  109  11:50  Queen  
  111  11:55  Zergling x10  
  114  12:08  Infestation Pit  
  113  12:15  Zergling x2  
  113  12:16  Zergling x16  
  122  12:23  Extractor  
  122  12:24  Extractor  
  122  12:27  Baneling x3  
  122  12:28  Baneling x7  
  100  12:42  Zergling x28  
  100  12:43  Zergling x4  
  82  12:55  Zergling x2  
  82  12:56  Zergling x14  
  83  12:59  Hydralisk x2  
  71  13:10  Hydralisk x2  
  61  13:13  Overseer  
Show
View Real Time Build Order
Export as new Build Order

MarineRu Terran - Winner!

Build Orders:  

Get SALT Encoding   

  12  0:01  SCV  
  13  0:13  SCV  
  14  0:17  Supply Depot  
  14  0:25  SCV  
  14  0:27  Refinery  
  15  0:39  SCV  
  16  0:45  Barracks  
  16  0:54  SCV  
  17  1:06  SCV  
  18  1:18  SCV  
  19  1:30  SCV  
  20  1:32  Barracks Reactor  
  20  1:40  Command Center  
  20  1:49  Orbital Command  
  20  2:01  Factory  
  20  2:09  Marine x2  
  22  2:22  Supply Depot  
  22  2:26  SCV  
  23  2:35  Marine  
  23  2:43  SCV, Marine  
  25  2:45  Refinery  
  25  2:50  Starport  
  25  2:53  Marine  
  26  2:59  Orbital Command  
  26  3:01  Marine  
  26  3:05  Factory Reactor  
  27  3:07  SCV  
  27  3:11  Marine  
  29  3:18  Marine  
  29  3:19  SCV  
  31  3:20  Refinery  
  31  3:29  Marine  
  31  3:31  SCV  
  33  3:35  SCV  
  33  3:36  Marine  
  33  3:37  Supply Depot  
  35  3:43  SCV  
  35  3:47  Marine  
  35  3:48  SCV  
  38  3:51  Medivac x2  
  38  3:53  Widow Mine  
  44  4:03  SCV x2  
  44  4:07  Marine x2  
  48  4:13  Liberator  
  48  4:15  SCV  
  48  4:16  Supply Depot  
  49  4:20  SCV  
  49  4:22  Supply Depot  
  49  4:23  Engineering Bay  
  50  4:27  SCV  
  50  4:31  Liberator  
  54  4:38  SCV  
  55  4:39  SCV  
  56  4:50  SCV  
  56  4:52  SCV  
  61  4:58  Hellion x2  
  65  5:02  SCV  
  65  5:04  SCV  
  67  5:07  Barracks Tech Lab  
  68  5:14  SCV  
  68  5:19  Hellion  
  70  5:23  Liberator  
  70  5:36  SCV  
  70  5:38  SCV  
  70  5:39  Hellion  
  69  5:43  Hellion  
  70  6:27  SCV, Marine  
  70  6:28  SCV  
  70  6:31  Medivac  
  67  6:39  SCV  
  68  6:41  Hellion  
  68  6:42  Armory  
  68  6:44  Command Center  
  68  6:46  Factory  
  70  6:47  Factory  
  70  6:48  Armory, Factory  
  70  6:50  SCV  
  70  6:51  Hellion, Supply Depot  
  70  6:55  SCV, Marine  
  69  7:02  SCV  
  69  7:05  Hellion  
  69  7:08  SCV  
  73  7:12  Hellion  
  73  7:13  Marine  
  73  7:14  SCV  
  73  7:15  Supply Depot  
  77  7:18  Medivac x2  
  77  7:20  SCV  
  82  7:26  Refinery  
  82  7:27  Hellion, SCV  
  85  7:31  Marine  
  85  7:37  Hellion x2, Widow Mine x2  
  94  7:39  Liberator  
  94  7:54  SCV x2  
  94  7:56  Hellion  
  94  7:58  Widow Mine x2, Hellion  
  104  8:06  SCV  
  104  8:11  SCV  
  106  8:18  SCV  
  99  8:22  Factory Tech Lab, Factory Reactor  
  99  8:23  SCV  
  100  8:28  Armory  
  100  8:30  SCV  
  100  8:31  Terran Vehicle And Ship Armor Level 1, Terran Vehicle Weapons Level 1  
  101  8:42  Infernal Pre-Igniter  
  101  8:43  Mag-Field Accelerator  
  101  8:44  Hellion, Cyclone x2  
  109  8:51  Hellion  
  101  8:58  Planetary Fortress  
  99  9:03  Refinery x2  
  99  9:06  Hellion  
  99  9:08  Viking  
  99  9:09  Marine  
  104  9:13  Command Center  
  104  9:16  Cyclone, Refinery x2  
  107  9:26  Supply Depot  
  107  9:28  Supply Depot  
  107  9:33  Missile Turret, Liberator  
  107  9:36  Hellion  
  107  9:38  Barracks Tech Lab  
  109  9:47  Widow Mine, SCV x3, Siege Tank  
  109  9:49  Siege Tank  
  109  9:50  Widow Mine  
  109  9:52  Supply Depot  
  125  10:13  SCV x2  
  125  10:14  Hellion x2, Widow Mine  
  133  10:23  Cyclone  
  133  10:24  Hellion, Cyclone  
  134  10:30  Planetary Fortress  
  134  10:35  Hellion  
  136  10:40  SCV x3  
  139  10:45  Viking x2  
  139  10:47  Hellion  
  145  10:52  Supply Depot, SCV x3  
  145  10:53  Supply Depot  
  148  10:58  Cyclone  
  148  11:06  Liberator  
  148  11:11  Hellion  
  148  11:14  Hellion, Cyclone, SCV  
  148  11:17  Supply Depot  
  154  11:22  Hellion, Widow Mine  
  161  11:30  Cyclone  
  160  11:34  Hellion  
  160  11:35  Hellion  
  159  11:46  Cyclone  
  163  11:47  SCV  
  163  11:52  Supply Depot x2  
  163  12:01  Widow Mine  
  163  12:02  Cyclone  
  168  12:11  Factory  
  168  12:13  Factory  
  168  12:18  Cyclone  
  171  12:35  Siege Tank  
  171  12:42  Widow Mine  
  139  12:47  Widow Mine  
  139  12:48  Widow Mine  
  139  12:50  Cyclone  
  125  12:54  Widow Mine  
  125  12:56  Medivac  
  134  12:58  Widow Mine  
  134  12:59  Widow Mine  
  134  13:00  Factory  
  134  13:21  SCV  
  134  13:22  SCV x3  
  141  13:32  Command Center  
  141  13:33  Refinery  
Tags
 
Matchup
TvZ
Spawn Locations
Cross Positions
Add a new tag
Caveats
  • Supply blocks, unpowered buildings, or Contaminate may cause inaccurate times.
  • Supply counts are checked every 10 seconds.